 Dungeon Crawl Stone Soup version 0.20.1-1-g8b1a95d (webtiles) character file.

63 Monsterracer the Insei (level 4, -4/28 HPs)
             Began as an Octopode Transmuter on Oct 24, 2017.
             Slain by a hobgoblin
             ... wielding a +0 club
              (5 damage)
             ... on level 2 of the Dungeon.
             The game lasted 00:02:38 (1565 turns).

Monsterracer the Insei (Octopode Transmuter)        Turns: 1565, Time: 00:02:39

Health: -4/28      AC:  1    Str:  9    XL:     4   Next: 10%
Magic:  7/7        EV: 19    Int: 16    God:
Gold:   90         SH:  0    Dex: 17    Spells: 1/7 levels left

rFire    . . .     SeeInvis .     - Unarmed
rCold    + . .     Gourm    .   (no shield)
rNeg     . . .     Faith    .   (helmet restricted)
rPois    .         Spirit   .   (no amulet)
rElec    .         Reflect  .   f - ring of protection from cold
rCorr    .         Harm     .   (no ring)
MR       .....                  (no ring)
Stlth    ++++......             (no ring)
Regen    0.1/turn               (no ring)
MPRegen  0.1/turn               (no ring)
                                (no ring)
                                (no ring)

@: agile, lethally poisoned (-4 -> -8), flying
A: almost no armour, stealthy swim, amphibious, 8 rings, constrict 8, camouflage
1, gelatinous body 1
a: no special abilities


You were on level 2 of the Dungeon.
You were not hungry.

You visited 1 branch of the dungeon, and saw 2 of its levels.

You collected 90 gold pieces.

Inventory:

Missiles
 a - 19 arrows
Jewellery
 f - a ring of protection from cold (left tentacle)
Scrolls
 d - 3 scrolls of identify {unknown}
 e - a scroll of magic mapping {unknown}
 g - 2 scrolls of remove curse {unknown}
 j - a scroll of teleportation {unknown}
 l - a scroll of noise {unknown}
 o - a scroll of enchant armour {unknown}
Potions
 h - a potion of might {unknown}
 i - a potion of heal wounds {unknown}
 k - a potion of agility
 n - a potion of mutation {unknown}
Books
 b - a book of Changes

   Spells                             Type                      Level
   a - Beastly Appendage              Transmutation                1
   b - Sticks to Snakes               Transmutation                2
   c - Spider Form                    Transmutation/Poison         3
   d - Ice Form                       Ice/Transmutation            4
   e - Blade Hands                    Transmutation                5
Comestibles
 c - a bread ration


   Skills:
 - Level 1.0 Fighting
 - Level 2.0 Dodging
 + Level 4.0 Unarmed Combat
 - Level 2.0 Spellcasting
 + Level 3.2 Transmutations


You had one spell level left.
You knew the following spells:

 Your Spells              Type           Power        Failure   Level  Hunger
a - Beastly Appendage     Tmut           ##....       5%          1    #......
b - Sticks to Snakes      Tmut           ##......     9%          2    ###....
c - Spider Form           Tmut/Pois      #.........   32%         3    ###....


Dungeon Overview and Level Annotations

Branches:
Dungeon (2/15)

Altars:


Innate Abilities, Weirdness & Mutations

You cannot wear most types of armour.
You are very stealthy in the water. (Stealth+)
You are amphibious.
You can wear up to eight rings at the same time.
You can use your tentacles to constrict eight enemies at once.
Your skin changes colour to match your surroundings (Stealth+).
Your rubbery body absorbs attacks. (AC +1, EV +1)


Message History

No target in view!
No target in view!
A worm comes into view.
A worm is nearby!
A worm is nearby!
You tentacle-slap the worm but do no damage.
You grab the worm. You squeeze the worm.
The worm is moderately wounded.
You constrict the worm. You tentacle-slap the worm.
The worm is heavily wounded.
You constrict the worm. The worm bites you!
You are too injured to fight recklessly!
You are too injured to fight recklessly!
You are too injured to fight recklessly!
You tentacle-slap the worm but do no damage.
The worm is severely wounded.
You constrict the worm.
You tentacle-slap the worm but do no damage.
The worm is severely wounded.
You constrict the worm. The worm closely misses you.
You tentacle-slap the worm.
You kill the worm!
You see here a worm corpse.
You start resting.
You are feeling hungry.
A ball python comes into view.
A ball python is nearby!
You butcher the worm corpse.
You see here a chunk of flesh.
Eat a chunk of flesh? (ye/n/q)
You eat the chunk of flesh.
This raw flesh tastes terrible.
There are no items here.
You are too injured to fight recklessly!
You are too injured to fight recklessly!
You are too injured to fight recklessly!
The ball python hisses angrily.
You tentacle-slap the ball python.
You kill the ball python!
You start resting.
HP restored.
A bat comes into view.
A bat is nearby!
A bat is nearby!
The bat hits you.
You tentacle-slap the bat. Your grab misses the bat.
The bat is moderately wounded.
The bat closely misses you. The bat misses you.
You miss the bat. Your grab misses the bat. The bat barely misses you.
The bat closely misses you. The bat completely misses you.
You tentacle-slap the bat.
You kill the bat!
An adder comes into view.
The adder moves out of view.
The adder is too close now for your liking.
An adder is nearby!
A hobgoblin comes into view. It is wielding a club.
The hobgoblin shouts!
The adder misses you.
The hobgoblin moves out of view.
The adder closely misses you.
You tentacle-slap the adder but do no damage.
Your grab misses the adder. The adder bites you.
You closely miss the adder. Your grab misses the adder. The adder misses you.
A hobgoblin comes into view. It is wielding a club.
You closely miss the adder.
The hobgoblin shouts!
You grab the adder. You constrict the adder. The adder bites you.
You are poisoned.
The adder poisons you!
You barely miss the adder.
The adder is lightly wounded.
You constrict the adder.
You feel sick. The adder barely misses you.
You tentacle-slap the adder but do no damage.
The adder is moderately wounded.
You constrict the adder. The adder bites you. The adder barely misses you.
You tentacle-slap the adder but do no damage.
The adder is moderately wounded.
You constrict the adder.
You feel sick. The hobgoblin hits you with a club.
The adder bites you but does no damage.
You tentacle-slap the adder.
The adder is almost dead.
You constrict the adder. The adder bites you.
* * * LOW HITPOINT WARNING * * *
The hobgoblin hits you with a club.
* * * LOW HITPOINT WARNING * * *
Unknown command.
It was a potion of agility.
You feel agile all of a sudden.
You constrict the adder.
You kill the adder!
Your Unarmed Combat skill increases to level 4!
You have reached level 4!
* * * LOW HITPOINT WARNING * * *
You feel sick. The hobgoblin hits you with a club.
* * * LOW HITPOINT WARNING * * *
Unknown command.
It was a potion of flight.
You feel very buoyant.
You fly up into the air.
The hobgoblin hits you with a club.
You die...

#...#.# #........
#...#.#####.##.##.#
#...#.....<.......#
#####...##########.....
.....>....#######.#.##
#..#.#.............#
####..#.......####.####
#..............###.#
#...@........##.#
#.gg............#
....#.#............#####
.## #.#.#....##........#
. #.#....#..#.#.#.#. .#
#.####.#.......... #.
#.# #....#.#.#.#.# # ...
#.##.......... ...
#.#.#.#.#.#.#.


You could see 2 hobgoblins.

Vanquished Creatures
  3 adders (D:2)
  2 worms (D:2)
  A leopard gecko (D:1)
  6 bats
  A giant cockroach (D:2)
  2 hobgoblins (D:1)
  2 kobolds (D:1)
  A quokka (D:2)
  3 ball pythons (D:2)
  5 goblins
  5 rats
31 creatures vanquished.

Notes
Turn   | Place    | Note
-------+----------+-------------------------------------------
     0 | D:1      | Monsterracer the Octopode Transmuter began the quest for the Orb.
     0 | D:1      | Reached XP level 1. HP: 13/13 MP: 3/3
    86 | D:1      | Reached XP level 2. HP: 18/18 MP: 5/5
   386 | D:1      | HP: 9/18 [hobgoblin/club (1)]
   388 | D:1      | HP: 2/18 [hobgoblin/club (5)]
  1041 | D:2      | Learned a level 2 spell: Sticks to Snakes
  1043 | D:2      | HP: 8/18 [worm (10)]
  1046 | D:2      | Reached XP level 3. HP: 11/23 MP: 6/6
  1051 | D:2      | Learned a level 3 spell: Spider Form
  1563 | D:2      | HP: 11/23 [adder (4)]
  1563 | D:2      | HP: 5/23 [hobgoblin/club (6)]
  1564 | D:2      | Reached skill level 4 in Unarmed Combat
  1564 | D:2      | Reached XP level 4. HP: 6/28 MP: 7/7
  1564 | D:2      | HP: 1/28 [hobgoblin/club (5)]
  1565 | D:2      | Slain by a hobgoblin

Skill      XL: |  1  2  3 |
---------------+----------+-----
Transmutations | 3 |  3.2
Unarmed Combat | 4 |  4.0
Fighting       | |  1.0
Dodging        | |  2.0
Spellcasting   | |  2.0

Action                   |  1- 3 |  4- 6 || total
-------------------------+-------+-------++-------
Melee: Unarmed           |    72 |       ||    72
       Constrict         |    16 |       ||    16
       Tentacles         |     8 |       ||     8
 Cast: Spider Form       |     1 |       ||     1
  Use: Potion            |     1 |     1 ||     2
 Stab: Sleeping          |     9 |       ||     9
  Eat: Chunk             |     2 |       ||     2
Armor: Skin              |     6 |       ||     6
Dodge: Dodged            |    40 |       ||    40

Vault maps used:
D:1:      erik_arrival_blinker_ship
D:2:      hex_medium, minmay_close_crescents
